 Dungeon Crawl Stone Soup version 0.27.1-35-g4d5d836560 (webtiles) character file.

Game seed: 14101466719990917573

2930 Delamore the Covert (level 9, 0/56 HPs)
             Began as an Octopode Brigand on Mar 8, 2022.
             Was an Initiate of Gozag.
             Succumbed to an orc's poison
             ... on level 8 of the Dungeon.
             The game lasted 00:08:04 (7916 turns).

Delamore the Covert (Octopode Brigand)              Turns: 7916, Time: 00:08:04

Health: 0/56       AC:  1    Str: 11    XL:     9   Next: 79%
Magic:  18/18      EV: 18    Int: 13    God:    Gozag
Gold:   135        SH:  8    Dex: 16    Spells: 8/8 levels left

rFire    . . .     SeeInvis +   r - +1 dagger (protect)
rCold    . . .     Faith    .   i - +3 buckler
rNeg     . . .     Spirit   .   (helmet restricted)
rPois    .         Reflect  .   (no amulet)
rElec    .         Harm     .   n - ring of willpower
rCorr    .         Rampage  .   s - ring of magical power
Will     +....                  o - +4 ring of evasion
Stlth    +++++.....             t - ring of see invisible
HPRegen  0.18/turn              (no ring)
MPRegen  0.16/turn              (no ring)
                                (no ring)
                                (no ring)

@: lethally poisoned (0 -> -3), gold aura
A: almost no armour, amphibious, 8 rings, camouflage 1, gelatinous body 1,
(nimble swimmer 1), tentacles
a: Renounce Religion, Potion Petition, Call Merchant, Bribe Branch


You were on level 8 of the Dungeon.
You worshipped Gozag.
Gozag was aware of your devotion.
You visited 2 branches of the dungeon, and saw 9 of its levels.

You collected 1099 gold pieces.
You spent 145 gold pieces at shops.
You paid 819 gold pieces to Gozag.

Inventory:

Hand Weapons
 a - a +2 dagger
 r - a +1 dagger of protection (weapon)
Missiles
 b - 21 poisoned darts
 c - a curare-tipped dart (quivered)
Armour
 i - a +3 buckler (worn)
Jewellery
 n - a ring of willpower (left tentacle)
 o - a +4 ring of evasion (on tentacle)
 s - a ring of magical power (right tentacle)
 t - a ring of see invisible (on tentacle)
Wands
 g - a wand of acid (7)
 j - a wand of digging (6)
 p - a wand of iceblast (7)
Scrolls
 e - 2 scrolls of blinking
 k - 2 scrolls of noise
 l - a scroll of immolation
 q - a scroll of enchant weapon
 v - a scroll of teleportation {unknown}
 w - a scroll of fog
 x - a scroll of amnesia
Potions
 m - a potion of attraction {unknown}
 u - a potion of might {unknown}


   Skills:
 + Level 3.1 Fighting
 - Level 10.0 Short Blades
 + Level 3.2 Throwing
 + Level 2.6 Dodging
 - Level 10.0 Stealth
 - Level 4.0 Shields
 + Level 2.5 Evocations


You had 8 spell levels left.
You didn't know any spells.
Your spell library contained the following spells:

 Spells                   Type           Power      Damage    Failure   Level
 Gell's Gravitas          Tloc           0%         N/A       67%         3
 Lesser Beckoning         Tloc           0%         N/A       67%         3
 Ozocubu's Armour         Ice            0%         N/A       67%         3
 Teleport Other           Tloc           0%         N/A       67%         3
 Ozocubu's Refrigeration  Ice            0%         4d5       100%        7


Dungeon Overview and Level Annotations

Branches:
Dungeon (8/15)             Temple (1/1) D:6            Lair (0/6) D:8

Altars:
Ashenzari
Fedhas
Gozag
Hepliaklqana
Kikubaaqudgha
Makhleb
Nemelex Xobeh
Qazlal
Ru
Sif Muna
Trog
Uskayaw
Wu Jian
Xom
Yredelemnul
Zin
The Shining One

Shops:
D:4 (   D:6 [   D:7 (


Innate Abilities, Weirdness & Mutations

You cannot wear most types of armour.
You are amphibious.
You can wear up to eight rings at the same time.
Your skin changes colour to match your surroundings (Stealth+).
Your rubbery body absorbs attacks. (AC +1, EV +1)
((You are camouflaged near water. (Stealth+)))
You have tentacles for arms and can constrict up to eight enemies at once.


Message History

The orc warrior hits you with a +0 halberd!!
You block the orc's attack.
You hit the orc warrior but do no damage.
Your grab misses the orc warrior.
You hit the orc warrior but do no damage.
Your grab misses the orc warrior.
The orc warrior hits you with a +0 halberd!
The orc hits you but does no damage.
You are poisoned.
There are monsters nearby!
You are too injured to fight recklessly!
You feel very sick.
The orc warrior is distracted by your dazzling golden aura.
Things that are here:
3 gold pieces; a +0 flail You feel sick.
The orc warrior is no longer distracted by gold.
The steam dragon breathes steam at you.
The ball of steam hits the orc!!
The orc dies!
The ball of steam hits you!
* * * LOW HITPOINT WARNING * * *
* * * LOW HITPOINT WARNING * * *
You feel sick.
Okay, then.
It was a potion of magic.
Magic courses through your body.
* * * LOW HITPOINT WARNING * * *
You feel sick. The orc warrior closely misses you.
It was a potion of invisibility.
You fade into invisibility!
* * * LOW HITPOINT WARNING * * *
You feel sick. You block the orc warrior's attack.
You are very lightly contaminated with residual magic.
It was a potion of cancellation.
Your magical effects are unravelling.
You feel magically purged.
Your magical contamination has completely faded away.
You flicker back into view.
You die...
Your body crumbles into a pile of gold.

......##........#
................##
#...............#
#...............
.##..>..#.......####
..............#....##
.#.....$o.....#.....##
..###...D............#
.....###@ยงยง........#
......#............#
............$$$...##
#.............$....#
.........####......#
#....## ##.....#
##....## #.....#
#.....# ##.....## #
##.#..## #.......#


You could see a steam dragon (catching breath) and an orc warrior.

Vanquished Creatures
  Maggie (D:7)
  Menkaure (D:7)
  Duvessa (D:6)
  A water moccasin (D:6)
  A sky beast (D:6)
  2 black bears
  2 centaurs
  3 ogres
  2 phantoms
  A kobold brigand (D:8)
  3 scorpions
  Dowan (D:6)
  A wyvern skeleton (D:6)
  4 wights (D:7)
  4 crimson imps (D:5)
  4 bullfrog zombies
  4 hounds
  4 jellies
  2 orc priests (D:5)
  A centaur skeleton (D:6)
  2 iguanas
  An orc wizard (D:5)
  6 gnolls
  5 adders
  2 shadow imps
  A white imp (D:7)
  3 ufetubi (D:5)
  A worm (D:2)
  2 dart slugs (D:4)
  20 orcs
  5 ball pythons
  5 endoplasms
  2 giant cockroaches
  4 goblins
  6 hobgoblins
  2 quokkas
  3 bats
  4 frilled lizards
  11 kobolds
  22 rats
150 creatures vanquished.

Vanquished Creatures (others)
  An orc (D:8)
1 creature vanquished.

Grand Total: 151 creatures vanquished

Notes
Turn   | Place    | Note
-------+----------+-------------------------------------------
     0 | D:1      | Delamore the Octopode Brigand began the quest for the Orb.
     0 | D:1      | Reached XP level 1. HP: 14/14 MP: 1/1
   135 | D:1      | Reached XP level 2. HP: 19/19 MP: 2/2
   657 | D:2      | Reached XP level 3. HP: 24/24 MP: 3/3
   720 | D:2      | Reached skill level 1 in Shields
  1034 | D:2      | HP: 1/24 [adder (4)]
  1047 | D:2      | Reached XP level 4. HP: 29/29 MP: 4/4
  1472 | D:2      | Identified a scroll of acquirement
  1472 | D:2      | Acquired 443 gold pieces
  1591 | D:3      | Found a blossoming altar of Fedhas.
  1953 | D:3      | Found a shimmering blue altar of Sif Muna.
  2271 | D:4      | Noticed an ogre
  2298 | D:4      | Killed an ogre
  2299 | D:4      | Reached XP level 5. HP: 30/34 MP: 5/5
  2553 | D:4      | Noticed an ogre
  2584 | D:4      | Killed an ogre
  2585 | D:4      | Reached XP level 6. HP: 39/39 MP: 6/6
  2772 | D:4      | Noticed a black bear
  2782 | D:4      | Killed a black bear
  2940 | D:4      | Reached XP level 7. HP: 36/45 MP: 7/7
  2940 | D:4      | Found Fiadoh's Antique Weapon Emporium.
  3037 | D:4      | Bought a glowing dagger for 145 gold pieces
  3206 | D:5      | Entered Level 5 of the Dungeon
  3395 | D:5      | Found a shimmering altar of Xom.
  3402 | D:5      | Reached skill level 5 in Short Blades
  3719 | D:5      | HP: 2/45 [acid (2)]
  4143 | D:5      | Reached XP level 8. HP: 50/50 MP: 8/8
  4476 | D:5      | Found a glowing silver altar of Zin.
  4476 | D:5      | Found a faded altar of an unknown god.
  4484 | D:5      | Found a sacrificial altar of Ru.
  4486 | D:5      | Found an ornate altar of the Wu Jian Council.
  4488 | D:5      | Found a basalt altar of Yredelemnul.
  4603 | D:5      | Reached skill level 10 in Stealth
  4805 | D:6      | Found a staircase to the Ecumenical Temple.
  4821 | Temple   | Entered the Ecumenical Temple
  4832 | Temple   | Became a worshipper of Gozag Ym Sagoz the Greedy
  4857 | D:6      | Found Ushut's Armour Shop.
  5075 | D:6      | Noticed Duvessa
  5076 | D:6      | Noticed Dowan
  5092 | D:6      | Killed Duvessa
  5101 | D:6      | Killed Dowan
  5434 | D:6      | Reached XP level 9. HP: 54/54 MP: 9/9
  6495 | D:7      | Noticed Menkaure
  6508 | D:7      | Killed Menkaure
  6768 | D:7      | Noticed Maggie
  6781 | D:7      | Killed Maggie
  6782 | D:7      | Reached skill level 10 in Short Blades
  6918 | D:7      | Reached skill level 1 in Evocations
  7901 | D:8      | Found a staircase to the Lair.
  7914 | D:8      | HP: 2/56 [poisoned by an orc]
  7916 | D:8      | Succumbed to an orc's poison

Illustrated notes

Levels and vault maps discovered:
D:1:      wander_arrival_desolate, layout_rooms, chequers_serial_rivers_small_a,
          minmay_heptomino_o4
D:2:      layout_loops_ring
D:3:      layout_loops_ring, fedhas_ov_isle_minmay, old_standard_altar
D:4:      layout_cave_pools, serial_column_ruins, column_ruins_square_medium,
          column_ruins_hut_ruined, column_ruins_open_tiny,
          column_ruins_open_tiny, column_ruins_grid_3,
          column_ruins_columns_corner, column_ruins_open_small, serial_shops,
          nicolae_square_shop, minmay_rat_hole
D:5:      layout_basic, led_xom_imps, chequers_temple_overflow_minitemple,
          grunt_ministairs_9, saegor_snake_ambush
D:6:      cheibrodos_iron_armory, layout_basic, temple_pool_b, serial_shops,
          shop, uniq_duvessa
D:7:      layout_basic, kennysheep_decorative_pillar, grunt_ministairs_10,
          uniq_menkaure, uniq_maggie
D:8:      layout_cave_pools, lair_entry_dummy, minmay_holes,
          minmay_hollow_rounded_squares
Temple:   cyrus_circular_temple

Skill      XL: |  1  2  3  4  5  6  7  8  9 |
---------------+----------------------------+-----
Stealth        | 6 7 8 9 10 | 10.0
Shields        | 1 2 3 4 |  4.0
Short Blades   | 3 4 5 8 10 | 10.0
Evocations     | 2 |  2.5
Dodging        | 2 |  2.6
Fighting       | 3 |  3.1
Throwing       | 3 |  3.2

Action                   |  1- 3 |  4- 6 |  7- 9 || total
-------------------------+-------+-------+-------++-------
Melee: Dagger            |    40 |    59 |   328 ||   427
       Constrict         |     5 |    11 |    45 ||    61
       Tentacles         |     1 |    13 |    79 ||    93
Throw: Dart              |       |    15 |     1 ||    16
Invok: Call Merchant     |       |       |     1 ||     1
Evoke: Wand              |       |       |     5 ||     5
  Use: Scroll            |     1 |     5 |     3 ||     9
       Potion            |     5 |       |     6 ||    11
 Stab: Sleeping          |    12 |     9 |    32 ||    53
       Distracted        |     1 |       |     3 ||     4
Armor: Skin              |     5 |     2 |    35 ||    42
Dodge: Dodged            |    12 |    24 |   130 ||   166
Block: Buckler           |     4 |    16 |   100 ||   120
